 Dungeon Crawl Stone Soup version 0.25-a0-285-gcba6f664f8 (webtiles) character file.

Game seed: 9878943696437141665, levelgen mode: deterministic

9 mopl the Grasshopper (level 2, -6/15 HPs)
             Began as a Vine Stalker Warper on Dec 11, 2019.
             Mangled by a gnoll
             ... wielding a +0 flail
              (8 damage)
             ... on level 1 of the Dungeon.
             The game lasted 00:00:54 (266 turns).

mopl the Grasshopper (Vine Stalker Warper)           Turns: 266, Time: 00:00:54

Health: -6/15      AC:  3    Str: 13    XL:     2   Next: 12%
Magic:  0/6        EV: 11    Int: 13    God:
Gold:   18         SH:  0    Dex: 13    Spells: 3/5 levels left

rFire    . . .     SeeInvis .   a - +0 short sword
rCold    . . .     Gourm    .   (no shield)
rNeg     . . .     Faith    .   b - +0 leather armour
rPois    .         Spirit   +   (no helmet)
rElec    .         Reflect  .   (no cloak)
rCorr    +         Harm     .   (no gloves)
MR       .....                  (no boots)
Stlth    ++........             (no amulet)
HPRegen  0.05/turn              h - ring of resist corrosion
MPRegen  0.10/turn              (no ring)

@: no status effects
A: fangs 2, magic shield, antimagic bite, no potion heal 3, rot immunity
a: no special abilities


You were on level 1 of the Dungeon.
You were not hungry.

You visited 1 branch of the dungeon, and saw 1 of its levels.

You collected 18 gold pieces.

Inventory:

Hand Weapons
 a - a +0 short sword (weapon)
Missiles
 e - 5 boomerangs of dispersal (quivered)
Armour
 b - a +0 leather armour (worn)
Jewellery
 h - a ring of resist corrosion (left hand)
Scrolls
 d - a scroll of blinking
Potions
 g - 2 potions of mutation {unknown}
Comestibles
 f - 2 rations


   Skills:
 - Level 1.7 Fighting
 + Level 2.0 Short Blades
 - Level 0.8 Throwing
 - Level 0.7 Armour
 - Level 1.5 Dodging
 * Level 1.9 Stealth
 - Level 2.1 Spellcasting
 - Level 3.0 Translocations


You had 3 spell levels left.
You knew the following spells:

 Your Spells              Type           Power        Failure   Level  Hunger
e - Blink                 Tloc           N/A          14%         2    ###....

Your spell library contained the following spells:

 Spells                   Type           Power        Failure   Level  Hunger
 Shroud of Golubria       Chrm/Tloc      #.....       26%         2    ###....
 Gell's Gravitas          Tloc           #.........   28%         3    ####...
 Lesser Beckoning         Tloc           #.........   28%         3    ####...
 Teleport Other           Tloc           #.......     28%         3    ####...
 Passage of Golubria      Tloc           N/A          67%         4    #####..


Dungeon Overview and Level Annotations

Branches:
Dungeon (1/15)

Altars:


Innate Abilities, Weirdness & Mutations

You have extremely sharp teeth.
When hurt, damage is shared between your health and your magic reserves.
Your bite disrupts and absorbs the magic of your enemies.
Potions cannot restore your health.
You are immune to rotting.


Message History

HP restored.
You see here a ration.
f - 2 rations (gained 1)
The gnoll shouts!
The gnoll hits you with a +0 flail.
You hit the gnoll.
The gnoll is lightly wounded.
You completely miss the gnoll.
The gnoll is lightly wounded.
The gnoll barely misses you.
You barely miss the gnoll.
The gnoll is lightly wounded.
The gnoll hits you with a +0 flail!
Ouch! That really hurt!
* * * LOW HITPOINT WARNING * * *
You barely miss the gnoll. Your bite misses the gnoll.
The gnoll is lightly wounded.
The gnoll hits you with a +0 flail!
Ouch! That really hurt!
You die...

###.#### .......## # #.#
........###. #.#
.........##.. #.#
..........#..#)..# #
..........##...#.## .#
..........#.#..#.. .#
...<.........#..g###.## .
..........#.#...@.....#.$.
..........##..............
..........#...............
.........##...............
........###...............
.......## #...........%...
###.#######........?....##
.#...#......$...........#
..#.#.....................


You could see a gnoll.

Vanquished Creatures
  A dart slug (D:1)
  A bat (D:1)
  A goblin (D:1)
  A hobgoblin (D:1)
  A kobold (D:1)
  A rat (D:1)
6 creatures vanquished.

Notes
Turn   | Place    | Note
-------+----------+-------------------------------------------
     0 | D:1      | mopl the Vine Stalker Warper began the quest for the Orb.
     0 | D:1      | Reached XP level 1. HP: 11/11 MP: 4/4
    18 | D:1      | Reached skill level 1 in Stealth
    76 | D:1      | Reached skill level 2 in Short Blades
   212 | D:1      | Reached XP level 2. HP: 12/15 MP: 4/6
   216 | D:1      | Learned a level 2 spell: Blink
   266 | D:1      | Mangled by a gnoll

Levels and vault maps discovered:
D:1:      psy_arrival_dodecagon, layout_basic

Skill      XL: |  1 |
---------------+----+-----
Stealth        | 1 |  1.9
Short Blades   | 2 |  2.0
Fighting       | |  1.7
Throwing       | |  0.8
Armour         | |  0.7
Dodging        | |  1.5
Spellcasting   | |  2.1
Translocations | |  3.0

Action                   || total
-------------------------++-------
Melee: Short sword       ||    24
       Bite              ||     6
 Stab: Sleeping          ||     1
Armor: Leather armour    ||     5
Dodge: Dodged            ||    14

Table legend:
 A = Non-vault XP
 B = Vault XP
 C = Vault XP percentage of total XP
 D = Non-vault monster count
 E = Vault monster count
 F = Vault count percentage of total count
                 A         B        C        D         E       F
            +---------+---------+-------+---------+---------+-------
      Total |      13 |       0 |   0.0 |       6 |       0 |   0.0
            +---------+---------+-------+---------+---------+-------
        D:1 |      13 |       0 |   0.0 |       6 |       0 |   0.0
            +---------+---------+-------+---------+---------+-------
